 Dungeon Crawl Stone Soup version 0.19.0-2-gae57169 (webtiles) character file.

91 HungrySpirit the Skirmisher (level 4, 0/29 HPs)
             Began as a Gargoyle Fighter on Nov 5, 2016.
             Slain by Crazy Yiuf
             ... wielding a +2 quarterstaff of chaos
              (12 damage)
             ... on level 2 of the Dungeon.
             The game lasted 00:01:55 (1741 turns).

HungrySpirit the Skirmisher (Gargoyle Fighter)      Turns: 1741, Time: 00:01:56

Health: 0/29       AC: 10    Str: 20    XL:     4   Next: 59%
Magic:  4/4        EV:  9    Int:  9    God:
Gold:   88         SH:  0    Dex:  9    Spells: 0 memorised, 3 levels left

rFire  . . .     SeeInvis .     a - +0 flail
rCold  . . .     Gourm    .     b - +0 scale mail
rNeg   + . .     Faith    .     (no shield)
rPois  ∞         Spirit   .     (no helmet)
rElec  +         Reflect  .     (no cloak)
rCorr  .         Harm     .     (no gloves)
MR     .....                    (no boots)
Stlth  ..........               (no amulet)
                                (no ring)
                                (no ring)

@: no status effects
A: negative energy resistance 1, electricity resistance, unbreathing,
petrification resistance, rot immunity, AC +3
a: no special abilities


You were on level 2 of the Dungeon.
You were not hungry.

You visited 1 branch of the dungeon, and saw 2 of its levels.

You collected 88 gold pieces.

Inventory:

Hand Weapons
 a - a +0 flail (weapon)
Armour
 b - a +0 scale mail (worn)
 c - a +0 shield
Scrolls
 j - 2 scrolls of identify {unknown}
 l - a scroll of fog {unknown}
 n - a scroll of noise {unknown}
 o - a scroll of recharging {unknown}
Potions
 d - a potion of might
 e - a potion of flight {unknown}
 g - a potion of haste {unknown}
 h - a potion of curing {unknown}
 m - a potion of mutation {unknown}
Comestibles
 f - 3 bread rations
 i - 4 fruits
 k - a meat ration
 p - a chunk of flesh


   Skills:
 + Level 4.1 Fighting
 * Level 3.8 Maces & Flails
 - Level 3.2 Armour
 + Level 0.7 Dodging
 - Level 3.2 Shields


You had 3 spell levels left.
You didn't know any spells.

Dungeon Overview and Level Annotations

Branches:
Dungeon (2/15)

Altars:
Qazlal
Yredelemnul

Annotations:
D:2 Crazy Yiuf


Innate Abilities, Weirdness & Mutations

You are resistant to torment.
Your stone body is resilient. (AC +3)
You are immune to poison.
You resist negative energy. (rN+)
You are resistant to electric shocks. (rElec)
You can survive without breathing.
You are immune to petrification.
You are immune to rotting.


Message History

You sock Crazy Yiuf!
Crazy Yiuf is moderately wounded.
Crazy Yiuf hits you but does no damage.
You are confused.
You are too confused!
You are too confused!
You are too confused!
You are too confused!
You are too confused!
You bump into the stone wall.
Crazy Yiuf hits you but does no damage.
You sock Crazy Yiuf!
Crazy Yiuf is almost dead.
Crazy Yiuf hits you but does no damage.
You bump into the rock wall.
Crazy Yiuf hits you with a quarterstaff of chaos!
You miss Crazy Yiuf.
Crazy Yiuf is almost dead.
You feel less confused.
Crazy Yiuf hits you with a quarterstaff of chaos!
You die...

# #.# #.# #.# ### #.# #.####
#.# ..# #.# #....# #.. #.#
### ####.# ### #.# #.# #
#.############ #.# #
#..........#.### #### #.# #
#.####......#..##...# ##.##
# ...........####.@g..#
###...#### #.####....##
###..)# #....<.... #.#
#.#### #### ##.#...#### #.#
#.# #.....## #.####.#
##.#### #......# ####.###
#.####.##############......#
#.....>..................#.#
######.###############.###.#


You could see Crazy Yiuf.

Vanquished Creatures
  4 adders (D:2)
  An ooze (D:1)
  4 leopard geckos
  3 bats
  5 giant cockroaches
  7 hobgoblins
  A ball python (D:1)
  6 frilled lizards
  9 goblins
  4 kobolds
44 creatures vanquished.

Notes
Turn   | Place    | Note
-------+----------+-------------------------------------------
     0 | D:1      | HungrySpirit the Gargoyle Fighter began the quest for the Orb.
     0 | D:1      | Reached XP level 1. HP: 14/14 MP: 1/1
   282 | D:1      | Reached XP level 2. HP: 19/20 MP: 2/2
   344 | D:1      | Reached skill level 4 in Fighting
   870 | D:1      | Reached XP level 3. HP: 24/24 MP: 3/3
  1329 | D:2      | Found a runed door.
  1353 | D:2      | Reached XP level 4. HP: 29/29 MP: 4/4
  1390 | D:2      | Found a stormy altar of Qazlal.
  1475 | D:2      | Found a basalt altar of Yredelemnul.
  1734 | D:2      | Noticed Crazy Yiuf
  1741 | D:2      | Slain by Crazy Yiuf

Skill      XL: |  1  2  3 |
---------------+----------+-----
Fighting       | 4 |  4.1
Maces & Flails | 3 |  3.8
Armour         | |  3.2
Dodging        | |  0.7
Shields        | |  3.2

Action                   |  1- 3 |  4- 6 || total
-------------------------+-------+-------++-------
Melee: Flail             |   154 |    34 ||   188
  Eat: Chunk             |     2 |     1 ||     3
Armor: Scale mail        |    88 |    17 ||   105
Dodge: Dodged            |    83 |    24 ||   107
